 Dungeon Crawl Stone Soup version 0.25-a0-399-gcf1075a (webtiles) character file.

Game seed: 9982981859831934845, levelgen mode: deterministic

282 Birdy the Cutter (level 6, -7/48 HPs)
             Began as a Centaur Assassin on Jan 8, 2020.
             Mangled by a gnoll
             ... wielding a +0 halberd
              (18 damage)
             ... on level 3 of the Dungeon.
             The game lasted 00:03:54 (1610 turns).

Birdy the Cutter (Centaur Assassin)                 Turns: 1610, Time: 00:03:55

Health: -7/48      AC:  6    Str: 13    XL:     6   Next: 6%
Magic:  6/6        EV:  9    Int: 10    God:
Gold:   181        SH:  0    Dex: 13    Spells: 5/5 levels left

rFire    . . .     SeeInvis .   a - +2 dagger (drain)
rCold    . . .     Gourm    .   (no shield)
rNeg     . . .     Faith    .   b - +0 robe
rPois    .         Spirit   .   h - +0 helmet
rElec    .         Reflect  .   c - +0 cloak
rCorr    .         Harm     .   (no gloves)
MR       .....                  (no barding)
Stlth    ++........             (no amulet)
HPRegen  0.16/turn              (no ring)
MPRegen  0.10/turn              (no ring)

@: very quick
A: large, hooves 3, deformed body, speed 2, tough skin 3
a: no special abilities


You were on level 3 of the Dungeon.
You were not hungry.

You visited 1 branch of the dungeon, and saw 3 of its levels.

You collected 181 gold pieces.

Inventory:

Hand Weapons
 a - a +2 dagger of draining (weapon)
 g - a +2 vampiric dagger
Missiles
 d - 8 poisoned darts (quivered)
 e - 2 curare-tipped darts
Armour
 b - a +0 robe (worn)
 c - a +0 cloak (worn)
 h - a +0 helmet (worn)
 k - a scarf of cloud immunity
 l - a +0 leather armour
Wands
 i - a wand of enslavement (9)
Scrolls
 m - a scroll of fog
 n - a scroll of amnesia
Potions
 j - 2 potions of agility
 o - a potion of lignification {unknown}
Comestibles
 f - 3 rations
 p - 2 chunks of flesh


   Skills:
 - Level 2.0 Fighting
 * Level 4.8 Short Blades
 - Level 2.1 Throwing
 - Level 1.0 Dodging
 + Level 3.3 Stealth


You had 5 spell levels left.
You didn't know any spells.
Your spell library was empty.

Dungeon Overview and Level Annotations

Branches:
Dungeon (3/15)

Altars:
Gozag
Okawaru
Sif Muna
Uskayaw


Innate Abilities, Weirdness & Mutations

You have hooves in place of feet.
Armour fits poorly on your strangely shaped body.
You cover ground very quickly.
You have extremely tough skin. (AC +3)


Message History

You hit the giant cockroach. You drain the giant cockroach.
You kill the giant cockroach!
A rat comes into view.
The gnoll hits you with a +0 halberd.
You barely miss the gnoll. You kick the gnoll.
The gnoll is heavily wounded.
You closely miss the gnoll.
The gnoll is heavily wounded.
The gnoll drinks a potion.
The gnoll goes berserk!
You barely miss the gnoll. Your kick misses the gnoll.
The gnoll is heavily wounded.
The gnoll barely misses you.
You barely miss the gnoll. You kick the gnoll!
The gnoll is almost dead.
The gnoll hits you with a +0 halberd!
* * * LOW HITPOINT WARNING * * *
You closely miss the gnoll.
The gnoll is almost dead.
The gnoll hits you with a +0 halberd!!
You die...

..# .#.... #.# #...... #.#
#..#.## #)# #..... #.#
#..#.# . #)####..#.# ...
#)........# #
.....######..)....####.#
.....r...@g.####.......###
.....############.........
... #.......#.##. .
#..#.#..(....
#..#......##.
#.........##.
#.>..........
#............
##...........


You could see a gnoll (berserk) and a rat.

Vanquished Creatures
  2 orc priests
  2 orc wizards
  Robin (D:3)
  5 gnolls (D:3)
  2 adders (D:2)
  An ooze (D:2)
  A worm (D:2)
  3 dart slugs
  A leopard gecko (D:2)
  7 orcs
  3 giant cockroaches
  14 goblins
  4 hobgoblins
  3 jackals (D:3)
  3 quokkas (D:2)
  10 bats
  2 frilled lizards (D:3)
  3 kobolds
  6 rats
73 creatures vanquished.

Notes
Turn   | Place    | Note
-------+----------+-------------------------------------------
     0 | D:1      | Birdy the Centaur Assassin began the quest for the Orb.
     0 | D:1      | Reached XP level 1. HP: 17/17 MP: 1/1
    17 | D:1      | Reached skill level 2 in Short Blades
   124 | D:1      | Reached skill level 1 in Dodging
   124 | D:1      | Reached XP level 2. HP: 23/24 MP: 2/2
   501 | D:2      | Reached XP level 3. HP: 28/29 MP: 3/3
   627 | D:2      | Found a shimmering blue altar of Sif Muna.
   630 | D:2      | Found an opulent altar of Gozag.
   639 | D:2      | Reached skill level 3 in Short Blades
   712 | D:2      | Reached XP level 4. HP: 21/36 MP: 4/4
   879 | D:2      | Found a hide-covered altar of Uskayaw.
  1190 | D:3      | Reached XP level 5. HP: 31/41 MP: 5/5
  1191 | D:3      | Reached skill level 4 in Short Blades
  1248 | D:3      | Noticed Robin
  1260 | D:3      | Killed Robin
  1418 | D:3      | Found an iron altar of Okawaru.
  1565 | D:3      | Reached XP level 6. HP: 23/48 MP: 6/6
  1610 | D:3      | Mangled by a gnoll

Levels and vault maps discovered:
D:1:      lightli_arrival_lavapool, layout_rooms, minmay_small_reverse_x
D:2:      layout_rooms, lemuel_crystal_altar, grunt_temple_overflow_open
D:3:      layout_loops_cross, overflow_temple_1_default, first_ration,
          uniq_robin

Skill      XL: |  1  2  3  4  5 |
---------------+----------------+-----
Short Blades   | 2 3 4 |  4.8
Dodging        | 1 |  1.0
Stealth        | 3 |  3.3
Fighting       | |  2.0
Throwing       | |  2.1

Action                   |  1- 3 |  4- 6 || total
-------------------------+-------+-------++-------
Melee: Dagger            |    91 |   109 ||   200
       Kick              |    22 |    26 ||    48
  Use: Scroll            |     4 |     1 ||     5
       Potion            |     2 |     2 ||     4
 Stab: Invisible         |     2 |     2 ||     4
       Sleeping          |       |     2 ||     2
       Distracted        |       |     1 ||     1
  Eat: Chunk             |       |     1 ||     1
Armor: Robe              |    43 |    29 ||    72
Dodge: Dodged            |    51 |    51 ||   102

Table legend:
 A = Non-vault XP
 B = Vault XP
 C = Vault XP percentage of total XP
 D = Non-vault monster count
 E = Vault monster count
 F = Vault count percentage of total count
                 A         B        C        D         E       F
            +---------+---------+-------+---------+---------+-------
      Total |     365 |      39 |   9.7 |      61 |      12 |  16.4
            +---------+---------+-------+---------+---------+-------
        D:1 |      17 |       9 |  34.6 |      10 |       4 |  28.6
        D:2 |     161 |       0 |   0.0 |      27 |       0 |   0.0
        D:3 |     187 |      30 |  13.8 |      24 |       8 |  25.0
            +---------+---------+-------+---------+---------+-------
